Map: Kairos Junction LE

Players

Srga

  • Race: Zerg Zerg
  • League: Master
  • Spawn Location: 5:00

Mez - Winner!

  • Race: Terran Terran
  • League: Master
  • Spawn Location: 11:00

VOD

Have the link to the VOD?

Description

Time

  • Played on: July 28, 2019, 9:24 a.m.
  • Length: 7:11
Show
View Real Time Build Order
Export as new Build Order

Srga Zerg 

Build Orders: Hatch First 

Get SALT Encoding   

  12  0:00  Drone  
  13  0:13  Overlord  
  13  0:16  Drone  
  14  0:34  Drone x2  
  16  0:48  Hatchery  
  15  0:52  Drone  
  15  0:55  Drone  
  17  1:05  Drone  
  17  1:09  Extractor  
  17  1:20  Spawning Pool  
  17  1:22  Drone x2  
  18  1:29  Drone  
  19  1:40  Drone  
  20  1:51  Drone  
  21  2:08  Zergling x4, Queen  
  23  2:09  Queen  
  27  2:18  Hatchery  
  27  2:22  Overlord  
  26  2:26  Spore Crawler  
  25  2:34  Metabolic Boost  
  24  2:51  Drone x6  
  30  3:06  Drone  
  30  3:07  Overlord  
  30  3:12  Queen  
  33  3:13  Drone x2  
  35  3:29  Drone x2  
  35  3:31  Overlord, Drone x2  
  39  3:36  Queen  
  41  3:42  Overlord  
  41  3:47  Queen  
  43  4:01  Overlord x3  
  43  4:12  Drone  
  43  4:13  Drone x7  
  51  4:21  Zergling x2  
  51  4:22  Zergling x8  
  55  4:29  Zergling x12  
  55  4:30  Zergling x2  
  62  4:34  Queen  
  64  4:39  Overlord  
  64  4:41  Zergling x4  
  66  4:52  Overlord  
  66  4:53  Drone x3  
  66  4:55  Drone x4  
  72  5:02  Drone x2  
  72  5:03  Drone x3  
  72  5:05  Drone x2  
  72  5:07  Drone  
  76  5:13  Baneling Nest  
  75  5:16  Evolution Chamber x2  
  75  5:17  Drone  
  75  5:18  Drone x2  
  76  5:25  Drone  
  76  5:26  Drone  
  78  5:31  Drone  
  78  5:33  Extractor  
  78  5:34  Extractor  
  77  5:36  Extractor  
  77  5:37  Extractor  
  77  5:38  Drone, Extractor  
  77  5:39  Drone x5  
  80  5:50  Zergling x2  
  80  5:51  Lair  
  80  5:52  Drone x4  
  85  6:08  Overlord, Drone x3  
  85  6:09  Overlord  
  85  6:10  Zergling x2  
  89  6:14  Hatchery  
  79  6:27  Zergling x12  
  79  6:30  Baneling x2  
  79  6:31  Zergling x2  
  86  6:33  Queen  
  86  6:35  Zergling x4  
  90  6:40  Zergling x2  
  90  6:43  Zergling x2  
  90  6:46  Zergling x2  
Show
View Real Time Build Order
Export as new Build Order

Mez Terran - Winner!

Build Orders: Reaper Expand 

Get SALT Encoding   

  12  0:00  SCV  
  13  0:14  SCV  
  13  0:17  Supply Depot  
  14  0:26  SCV  
  15  0:39  SCV  
  15  0:41  Barracks  
  16  0:44  Refinery  
  16  0:51  SCV  
  17  1:03  SCV  
  18  1:15  SCV  
  19  1:28  Reaper, Orbital Command  
  20  1:40  Command Center  
  20  1:55  SCV  
  20  1:56  Barracks  
  20  2:00  Barracks Reactor  
  21  2:07  Barracks  
  21  2:17  SCV  
  21  2:18  Supply Depot  
  22  2:37  Marine  
  22  2:40  Marine  
  24  2:48  SCV  
  24  2:50  Barracks Tech Lab  
  25  2:55  Orbital Command  
  25  3:00  SCV, Marine  
  25  3:01  Marine x2  
  29  3:10  Marine  
  29  3:11  Combat Shield  
  30  3:13  SCV  
  30  3:18  Marine  
  32  3:22  Marine  
  32  3:23  Marine  
  32  3:26  SCV x2  
  36  3:28  Supply Depot  
  36  3:32  Marine  
  37  3:36  Marine  
  37  3:38  SCV  
  37  3:39  SCV  
  37  3:40  Marine  
  37  3:41  Engineering Bay, Marine  
  42  3:50  SCV, Marine  
  42  3:53  SCV  
  42  3:54  Supply Depot  
  45  4:02  SCV, Marine  
  46  4:03  Marine x2  
  46  4:05  SCV  
  46  4:08  Marine  
  51  4:12  Terran Infantry Weapons Level 1  
  51  4:14  SCV  
  52  4:17  Supply Depot  
  52  4:18  SCV  
  53  4:26  SCV  
  53  4:27  Barracks Reactor  
  53  4:28  Marine x3  
  53  4:30  SCV  
  53  4:31  Stimpack  
  58  4:37  Command Center  
  57  4:38  SCV  
  57  4:43  SCV  
  59  4:46  Refinery, Marine  
  59  4:47  Refinery, Marine x2  
  59  4:50  SCV  
  63  4:57  SCV  
  64  5:02  SCV  
  64  5:06  Marine x3  
  64  5:07  Marine x2  
  65  5:10  Factory  
  65  5:11  Barracks  
  65  5:12  SCV  
  65  5:13  Barracks  
  68  5:15  SCV  
  69  5:24  Marine  
  70  5:34  Supply Depot  
  70  5:38  Supply Depot x2  
  70  5:44  Refinery  
  70  5:48  SCV x2, Marine x5  
  77  5:50  Orbital Command  
  77  5:54  Starport  
  77  5:55  Factory Reactor  
  77  5:59  Supply Depot  
  77  6:05  Barracks Reactor x2  
  77  6:06  Marine x3  
  77  6:08  SCV x2  
  77  6:10  Marine x2  
  84  6:24  Marine x2, Orbital Command  
  84  6:25  Marine  
  84  6:27  Marine  
  84  6:28  Marine  
  84  6:31  SCV  
  84  6:32  SCV  
  89  6:37  Supply Depot  
  89  6:38  Supply Depot  
  89  6:43  Barracks  
  89  6:44  Marine x5, Barracks  
  89  6:45  Barracks  
Tags
 
Add a new tag
Caveats
  • Supply blocks, unpowered buildings, or Contaminate may cause inaccurate times.
  • Supply counts are checked every 10 seconds.